 Dungeon Crawl Stone Soup version 0.23.2-33-g5129a83184 (webtiles) character file.

Game seed: 13580224518202028245

111 Atelerd the Firebug (level 4, -4/27 HPs)
             Began as an Octopode Fire Elementalist on July 16, 2019.
             Killed by divine providence
             ... invoked by an orc priest
              (15 damage)
             ... on level 3 of the Dungeon.
             The game lasted 00:04:02 (2344 turns).

Atelerd the Firebug (Octopode Fire Elementalist)    Turns: 2344, Time: 00:04:03

Health: -4/27      AC:  1    Str:  7    XL:     4   Next: 92%
Magic:  5/8        EV: 13    Int: 18    God:
Gold:   52         SH:  0    Dex: 12    Spells: 7/8 levels left

rFire    . . .     SeeInvis .   f - +0 dagger
rCold    . . .     Gourm    .   (no shield)
rNeg     . . .     Faith    .   (helmet restricted)
rPois    .         Spirit   .   d - amulet of the acrobat
rElec    .         Reflect  .   q - ring of protection from magic
rCorr    .         Harm     .   (no ring)
MR       +....                  (no ring)
Stlth    +++.......             (no ring)
HPRegen  0.09/turn              (no ring)
MPRegen  0.11/turn              (no ring)
                                (no ring)
                                (no ring)

@: no status effects
A: almost no armour, stealthy swim, amphibious, 8 rings, constrict 8, camouflage
1, gelatinous body 1
a: no special abilities


You were on level 3 of the Dungeon.
You were hungry.

You visited 1 branch of the dungeon, and saw 3 of its levels.

You collected 52 gold pieces.

Inventory:

Hand Weapons
 f - a +0 dagger (weapon)
Jewellery
 d - an amulet of the acrobat (around mantle)
 q - a ring of protection from magic (left tentacle)
Wands
 m - a wand of flame (9)
Scrolls
 c - a scroll of fog {unknown}
 g - 3 scrolls of teleportation {unknown}
 h - 5 scrolls of identify {unknown}
 i - 3 scrolls of remove curse {unknown}
 j - a scroll of blinking {unknown}
 o - a scroll of fear {unknown}
 p - a scroll of amnesia {unknown}
Potions
 a - a potion of berserk rage {unknown}
 e - 2 potions of curing {unknown}
 k - 2 potions of mutation {unknown}
 l - a potion of heal wounds {unknown}
 n - a potion of lignification {unknown}
 r - a potion of agility {unknown}
Comestibles
 b - 7 rations


   Skills:
 - Level 2.0 Dodging
 - Level 2.6 Stealth
 + Level 2.7 Spellcasting
 * Level 3.2 Conjurations
 + Level 3.7 Fire Magic


You had 7 spell levels left.
You knew the following spells:

 Your Spells              Type           Power        Failure   Level  Hunger
a - Flame Tongue          Conj/Fire      ###..        4%          1    None

Your spell library contained the following spells:

 Spells                   Type           Power        Failure   Level  Hunger
 Throw Flame              Conj/Fire      ###...       6%          2    ##.....
 Conjure Flame            Conj/Fire      ###.....     12%         3    ###....
 Inner Flame              Hex/Fire       #.......     24%         3    ###....
 Sticky Flame             Conj/Fire      ###.....     36%         4    ####...
 Fireball                 Conj/Fire      ###.......   73%         5    ######.


Dungeon Overview and Level Annotations

Branches:
Dungeon (3/15)

Altars:
Ru


Innate Abilities, Weirdness & Mutations

You cannot wear most types of armour.
You are very stealthy in the water. (Stealth+)
You are amphibious.
You can wear up to eight rings at the same time.
You can use your tentacles to constrict eight enemies at once.
Your skin changes colour to match your surroundings (Stealth+).
Your rubbery body absorbs attacks. (AC +1, EV +1)


Message History

Aim: a jackal (moderately wounded)
The flame tongue hits the jackal.
You kill the jackal!
Casting: Flame Tongue (safe; 4% risk of failure)
Confirm with . or Enter, or press ? or * to list all spells.
Aiming: Flame Tongue (safe; 4% risk of failure)
Press: ? - help, Shift-Dir - straight line, f - orc priest
Aim: an orc priest, wielding a +0 whip The flame tongue misses the orc priest.
Casting: Flame Tongue (safe; 4% risk of failure)
Confirm with . or Enter, or press ? or * to list all spells.
Aiming: Flame Tongue (safe; 4% risk of failure)
Press: ? - help, Shift-Dir - straight line, f/p - orc priest
Aim: an orc priest, wielding a +0 whip The flame tongue hits the orc priest.
The orc priest is moderately wounded.
The orc priest invokes the aid of Beogh against you.
Beogh smites you!
Ouch! That really hurt!
You die...

#.......####.#..##..# #..)....#
#.##.# # #.......# #.##)## .
#####. #.......# #.##..## ..
#...#.###.......####......##(P
#...#.)..#.........o..........
####...###.#÷#).###########......
..........#...#o###### ##.##8P
####...#.#....)#@....# #..#..
.........#.≈≈≈.#.....# ##.##.
.######..#≈[..≈#.....# #..# .#
#....#≈._.≈#.....# ##.#
.####.##.#≈...≈#.....# #o#
.........#.≈≈≈.#.....# #.##
.#.......#.....#.....# #..#
.#.##.(.#.#...#......# #.## .#.#
#. . #o#.


You could see an orc priest.

Vanquished Creatures
  An orc priest (D:3)
  3 adders
  A dart slug (D:1)
  A leopard gecko (D:3)
  6 orcs (D:3)
  A ball python (D:1)
  3 giant cockroaches
  6 goblins
  4 hobgoblins
  2 jackals (D:3)
  6 kobolds
  3 bats
  3 frilled lizards
  6 rats
46 creatures vanquished.

Notes
Turn   | Place    | Note
-------+----------+-------------------------------------------
     0 | D:1      | Atelerd the Octopode Fire Elementalist began the quest for
                  | the Orb.
     0 | D:1      | Reached XP level 1. HP: 11/11 MP: 3/3
   198 | D:1      | Reached XP level 2. HP: 17/17 MP: 5/5
  1172 | D:2      | Reached XP level 3. HP: 14/21 MP: 1/6
  1833 | D:3      | Reached XP level 4. HP: 27/27 MP: 3/7
  1940 | D:3      | Found a sacrificial altar of Ru.
  2344 | D:3      | Killed from afar by an orc priest

Skill      XL: |  1  2  3  4 |
---------------+-------------+-----
Conjurations   | 2 3 |  3.2
Dodging        | |  2.0
Stealth        | |  2.6
Spellcasting   | |  2.7
Fire Magic     | |  3.7

Action                   |  1- 3 |  4- 6 || total
-------------------------+-------+-------++-------
Melee: Unarmed           |    24 |       ||    24
       Constrict         |    17 |     7 ||    24
       Tentacles         |     9 |     5 ||    14
       Dagger            |    29 |    25 ||    54
 Cast: Flame Tongue      |    29 |    14 ||    43
 Stab: Sleeping          |     6 |     1 ||     7
       Distracted        |       |     1 ||     1
  Eat: Chunk             |     2 |     2 ||     4
Armor: Skin              |    10 |     2 ||    12
Dodge: Dodged            |    45 |    22 ||    67
